 Dungeon Crawl Stone Soup version 0.32-a0-872-g59262bd (webtiles) character file.

Game seed: 841880656004507826

1197 lyrin the Sneak (level 8, -3/58 HPs)
             Began as a Djinni Delver on Mar 30, 2024.
             Slain by a wight
             ... wielding a +3 halberd of freezing
              (13 damage)
             ... on level 6 of the Dungeon.
             The game lasted 00:14:04 (7153 turns).

lyrin the Sneak (Djinni Delver)                     Turns: 7153, Time: 00:14:05

Health: -3/58      AC:  3    Str: 11    XL:     8   Next: 72%
Gold:   296        EV: 13    Int: 15    God:
                   SH:  5    Dex: 16

rFire   + + .        k - +0 dagger (speed)
rCold   x . .        (no shield)
rNeg    . . .        j - +1 robe of Zuasod {Will+ Dex+2 Stlth+}
rPois   ∞            (no helmet)
rElec   .            (no cloak)
rCorr   .            (no gloves)
SInv    .            (boots unavailable)
Will    +....        h - amulet of reflection
Stlth   ++++         (no ring)
HPRegen 0.29/turn    (no ring)
MPRegen 0.00/turn

%: reflection, infuse magic (-4 HP)
@: flying
A: sickness immunity, fire resistance 2, cold vulnerability 1, float, innate
caster, HP casting, extra vitality 1
a: no special abilities


You were on level 6 of the Dungeon.
You visited 1 branch of the dungeon, and saw 7 of its levels.

You collected 296 gold pieces.

Inventory:

Hand Weapons
 k - a +0 dagger of speed (weapon)
Missiles
 p - 11 poisoned darts (quivered)
Armour
 b - a +0 leather armour
 j - the +1 robe of Zuasod (worn) {Will+ Dex+2 Stlth+}
   (You found it on level 2 of the Dungeon)

   Dex+2:     It affects your dexterity (+2).
   Will+:     It increases your willpower.
   Stlth+:    It makes you more stealthy.
Jewellery
 h - an amulet of reflection (around neck)
Wands
 g - a wand of digging (3)
 u - a wand of paralysis (5)
Scrolls
 a - 2 scrolls of amnesia {unknown}
 c - a scroll of fog
 d - a scroll of revelation
 f - 6 scrolls of identify {unknown}
 i - a scroll of noise {unknown}
 l - 2 scrolls of enchant weapon {unknown}
 m - a scroll of summoning {unknown}
 n - 3 scrolls of vulnerability {unknown}
 r - 2 scrolls of blinking {unknown}
 s - a scroll of teleportation {unknown}
 t - a scroll of acquirement {unknown}
 v - a scroll of fear
 x - a scroll of torment {unknown}
Potions
 e - 5 potions of curing {unknown}
 o - a potion of enlightenment {unknown}
 q - a potion of ambrosia {unknown}
 w - a potion of haste


   Skills:
 + Level 4.6 Fighting
 + Level 4.5 Short Blades
 + Level 1.4 Throwing
 + Level 0.9 Armour
 + Level 4.9 Dodging
 - Level 5.2 Stealth
 + Level 2.0 Shields
 + Level 3.2 Spellcasting
 + Level 3.2 Conjurations
 + Level 3.2 Hexes
 + Level 3.2 Summonings
 + Level 3.2 Necromancy
 + Level 3.2 Translocations
 + Level 3.2 Fire Magic
 + Level 3.2 Ice Magic
 + Level 3.2 Air Magic
 + Level 3.2 Earth Magic
 + Level 3.2 Alchemy


You knew the following spells:

 Your Spells              Type           Power      Damage    Failure   Level
a - Summon Small Mammal   Summ           48%        N/A       5%          1
b - Call Imp              Summ           24%        N/A       8%          2
c - Fugue of the Fallen   Necr           12%        N/A       16%         3
Your spell library was empty.

Dungeon Overview and Level Annotations

Branches:
Dungeon (7/15)
 Temple: D:4-7

Altars:
Ashenzari
Dithmenos
Gozag
Hepliaklqana
Makhleb
Okawaru
Trog
Uskayaw
Yredelemnul
Zin
The Shining One

Shops:
D:1 !   D:4 [   D:5 (   D:6 ?


Innate Abilities, Weirdness & Mutations

You are immune to sickness and miasma.
You are immune to poison.
Your flesh is very heat resistant. (rF++)
You are vulnerable to cold. (rC-)
You float through the air rather than walking.
You learn spells naturally, not from books.
Your magical power is your life essence.
You have superior vitality. (+4 MHP)


Message History

Unknown command.
A steam dragon is nearby!
The steam dragon bites you! You block the steam dragon's attack.
You see here a +0 short sword.
Casting: Call Imp (safe; 8% risk of failure)
Confirm with . or Enter, or press ? or * to list all spells.
You miscast Call Imp.
You are very lightly contaminated with residual magic.
Nothing appears to happen.
The steam dragon bites you! The steam dragon claws you.
* * * LOW HITPOINT WARNING * * *
Casting: Call Imp (safe; 8% risk of failure)
Confirm with . or Enter, or press ? or * to list all spells.
* * * LOW HITPOINT WARNING * * *
The steam dragon closely misses you. You block the steam dragon's attack.
Unknown command.
Your bat closely misses the steam dragon.
The steam dragon breathes steam at you. The ball of steam hits you. You resist.
* * * LOW HITPOINT WARNING * * *
You hear a shout!
Unknown command.
The steam dragon breathes steam at you. The ball of steam misses you.
Your magical contamination has completely faded away.
The steam dragon breathes steam at you. The ball of steam hits you. You resist.
* * * LOW HITPOINT WARNING * * *
Items here: )) [ ÷.
The steam dragon breathes steam at you. The ball of steam hits you. You resist.
* * * LOW HITPOINT WARNING * * *
The steam dragon breathes steam at you. The ball of steam hits you. You resist.
* * * LOW HITPOINT WARNING * * *
Okay, then.
Unknown command.
The wight closely misses you.
The wight hits you with a +3 halberd of freezing!
You die...

#...#♣♣♣♣♣####..# ###...#
#.........# ......# #.######.##
###.#.# #.# #§# #.#.# #.# #§#
#### #.#.###.######.# #...
#............#.# #.##
#..>......##.#.# #.#
###..##.....#.#@### #.#
#..[..........z...## #.#
#............>.....# #.#
##...###.....#.#.#..##########.#
#.÷..###.....#.#.#.............#
(.%....####.##.#.#.#############
.......####.##.#.#.....#
...................###.#
.......####.##.....# #.###


You could see a wight.

Vanquished Creatures
  A phantom (D:5)
  2 bullfrogs (D:6)
  A scorpion (D:4)
  A howler monkey (D:6)
  A bombardier beetle (D:3)
  A sleepcap (D:6)
  An orc wizard (D:5)
  4 adders
  7 orcs
  7 ball pythons
  4 endoplasms
  A giant cockroach (D:4)
  2 goblins
  5 hobgoblins
  2 jackals (D:1)
  7 bats
  4 frilled lizards
  4 kobolds
  3 rats
58 creatures vanquished.

Vanquished Creatures (collateral kills)
  Grinder (D:4)
  An ogre (D:4)
  A bullfrog (D:6)
  2 scorpions (D:5)
  2 wights
  A bombardier beetle (D:6)
  2 hounds
  An orc priest (D:5)
  6 orcs
  3 ball pythons (D:2)
  A bat (D:3)
  An endoplasm (D:2)
  3 goblins
  A quokka (D:3)
  3 kobolds
  A rat (D:2)
30 creatures vanquished.

Vanquished Creatures (others)
  A kobold (D:3)
1 creature vanquished.

Grand Total: 89 creatures vanquished

Notes
Turn   | Place    | Note
-------+----------+-------------------------------------------
     0 | D:5      | lyrin the Djinni Delver began the quest for the Orb.
     0 | D:5      | Reached XP level 1. HP: 20/20 MP: 0/0
    25 | D:5      | Noticed an orc wizard
    27 | D:5      | Noticed an orc priest
    69 | D:4      | Noticed Grinder
   251 | D:1      | Reached XP level 2. HP: 25/25 MP: 0/0
   269 | D:1      | Found Exkedi's Distillery.
   634 | D:1      | Reached XP level 3. HP: 30/30 MP: 0/0
   634 | D:1      | Learned a level 1 spell: Summon Small Mammal
  1251 | D:2      | Identified the +1 robe of Zuasod {Will+ Dex+2 Stlth+}
  1340 | D:2      | Noticed an eye of devastation
  1342 | D:2      | Found a faded altar of an unknown god.
  1344 | D:2      | Noticed an eye of devastation
  1345 | D:2      | Noticed a golden eye
  1345 | D:2      | Noticed a great orb of eyes
  1877 | D:3      | Reached XP level 4. HP: 33/35 MP: 0/0
  2504 | D:3      | Reached XP level 5. HP: 34/40 MP: 0/0
  2504 | D:3      | Learned a level 2 spell: Call Imp
  3073 | D:4      | Found Atinnenuet's Antique Armour Shop.
  3331 | D:4      | Killed Grinder
  3332 | D:4      | Reached skill level 1 in Spellcasting
  3332 | D:4      | Reached skill level 1 in Conjurations
  3332 | D:4      | Reached skill level 1 in Hexes
  3332 | D:4      | Reached skill level 1 in Summonings
  3332 | D:4      | Reached skill level 1 in Necromancy
  3332 | D:4      | Reached skill level 1 in Translocations
  3332 | D:4      | Reached skill level 1 in Fire Magic
  3332 | D:4      | Reached skill level 1 in Ice Magic
  3332 | D:4      | Reached skill level 1 in Air Magic
  3332 | D:4      | Reached skill level 1 in Earth Magic
  3332 | D:4      | Reached skill level 1 in Alchemy
  3332 | D:4      | Reached XP level 6. HP: 15/47 MP: 0/0
  3649 | D:4      | Reached skill level 1 in Shields
  3649 | D:4      | Reached XP level 7. HP: 25/52 MP: 0/0
  3649 | D:4      | Learned a level 3 spell: Fugue of the Fallen
  3866 | D:4      | Reached skill level 1 in Throwing
  3866 | D:4      | Reached skill level 5 in Stealth
  4110 | D:4      | Found a hazy altar of Hepliaklqana.
  4116 | D:4      | Found an opulent altar of Gozag.
  4118 | D:4      | Found a bloodstained altar of Trog.
  4118 | D:4      | Found a basalt altar of Yredelemnul.
  4118 | D:4      | Found a hide-covered altar of Uskayaw.
  4118 | D:4      | Found a glowing silver altar of Zin.
  4118 | D:4      | Found a shadowy altar of Dithmenos.
  4119 | D:4      | Found a glowing golden altar of the Shining One.
  4120 | D:4      | Found an iron altar of Okawaru.
  4121 | D:4      | Found a broken altar of Ashenzari.
  4122 | D:4      | Found a burning altar of Makhleb.
  4367 | D:5      | Found Letep's Weapon Boutique.
  5064 | D:6      | Reached XP level 8. HP: 33/58 MP: 0/0
  6519 | D:6      | Found Ecviomm's Magic Scroll Emporium.
  7153 | D:6      | Slain by a wight

Illustrated notes

Levels and vault maps discovered:
D:1:      roderic_crop_circles_arrival_small, layout_loops_ring, serial_shops,
          nicolae_shop_window_shopping, corner_web_ring
D:2:      layout_rooms, hellmonk_ecumenical_altar_watching_god, serial_curves,
          eino_curves_01, eino_curves_01, eino_curves_01, eino_curves_03
D:3:      layout_rooms, kennysheep_generic_room_16
D:4:      layout_basic, minitemple, serial_shops, nicolae_shop_tiny_waterfront,
          minmay_liquid_box, uniq_grinder
D:5:      layout_gridville, serial_shops, shop
D:6:      layout_loops_ring, serial_shops, kennysheep_mini_moat
D:7:      layout_basic, minmay_temple_entry_drinking_statues, uniq_menkaure

Skill      XL: |  1  2  3  4  5  6  7  8 |
---------------+-------------------------+-----
Short Blades   | 2 3 4 |  4.5
Fighting       | 4 |  4.6
Dodging        | 3 4 |  4.9
Spellcasting   | 1 2 3 |  3.2
Conjurations   | 1 2 3 |  3.2
Hexes          | 1 2 3 |  3.2
Summonings     | 1 2 3 |  3.2
Necromancy     | 1 2 3 |  3.2
Translocations | 1 2 3 |  3.2
Fire Magic     | 1 2 3 |  3.2
Ice Magic      | 1 2 3 |  3.2
Air Magic      | 1 2 3 |  3.2
Earth Magic    | 1 2 3 |  3.2
Alchemy        | 1 2 3 |  3.2
Shields        | 1 2 |  2.0
Throwing       | 1 |  1.4
Stealth        | 5 |  5.2
Armour         | |  0.9

Action                     |  1- 3 |  4- 6 |  7- 9 || total
---------------------------+-------+-------+-------++-------
  Melee: Short sword       |    93 |       |       ||    93
         Dagger            |    19 |    95 |   169 ||   283
  Throw: Dart              |       |     6 |     3 ||     9
   Cast: Summon Small Mamm |    31 |    38 |    58 ||   127
         Call Imp          |       |    13 |    30 ||    43
    Use: Scroll            |     1 |       |       ||     1
         Potion            |     1 |       |       ||     1
   Stab: Sleeping          |    10 |     2 |     5 ||    17
         Distracted        |     1 |     2 |     2 ||     5
 Armour: Leather armour    |    82 |       |       ||    82
         Robe              |    24 |    44 |    82 ||   150
  Dodge: Dodged            |    87 |    42 |    73 ||   202
  Block: Other             |     9 |    10 |    28 ||    47
         Reflection        |       |     1 |       ||     1

Table legend: (Time is in decaauts)
 A = Elapsed time spent in this place.
 B = Non-inter-level travel time spent in this place.
 C = Inter-level travel time spent in this place.
 D = Time resting spent in this place.
 E = Time spent auto-exploring this place.
 F = Levels seen in this place.
 G = Mean time per level.
                   A        B        C        D        E       F      G
               +--------+--------+--------+--------+--------+-----+--------+
         Total |   7008 |   6809 |    199 |   1499 |   3615 |   7 | 1001.1 |
       Dungeon |   7008 |   6809 |    199 |   1499 |   3615 |   7 | 1001.1 |
               +--------+--------+--------+--------+--------+-----+--------+

Top non-repeatable levels by time:
     D:5: 1532 daAuts
     D:3: 1303 daAuts
     D:6: 1188 daAuts
     D:4: 1175 daAuts
     D:1: 1021 daAuts
     D:2: 598 daAuts
     D:7: 188 daAuts
